ITL
ALLENTOWN HILLBILLIES @ BLUEVILLE 83'S
05/22/2028
 
TOP OF THE 1ST
Allentown Hillbillies batting - Pitching for Blueville 83's : RHP Santiago González
Pitching: RHP Santiago González
Batting: LHB António Salazar 0-0: Ball
1-0: Ball
2-0: Ball
3-0: Base on Balls
Batting: RHB Dan Banks 0-0: Fielders Choice at 2nd, 1-4 (Groundball, 15S)
Batting: LHB Rafael Flores 0-0: Called Strike
0-1: Ball
1-1: Called Strike
1-2: Grounds into double play, 5-4-3 (Groundball, 5)
Top of the 1st over - 0 run(s), 0 hit(s), 0 error(s), 0 left on base; Allentown 0 - Blueville 0
BOTTOM OF THE 1ST
Blueville 83's batting - Pitching for Allentown Hillbillies : RHP Juan Martínez
Pitching: RHP Juan Martínez
Batting: SHB Bob Noble 0-0: Ball
1-0: SOLO HOME RUN (Flyball, 9D), Distance : 372 ft
Batting: RHB Matt Perkins 0-0: Called Strike
0-1: Swinging Strike
0-2: Ball
1-2: Strikes out looking
Batting: LHB Roberto Trujillo 0-0: Called Strike
0-1: Ball
1-1: Foul Ball, location: 2F
1-2: Foul Ball, location: 2F
1-2: Ball
2-2: Fly out, F9 (Flyball, 9)
Batting: LHB António Glaviz 0-0: Called Strike
0-1: Ball
1-1: Foul Ball, location: 2F
1-2: Ball
2-2: Strikes out swinging
Bottom of the 1st over - 1 run(s), 1 hit(s), 0 error(s), 0 left on base; Allentown 0 - Blueville 1
TOP OF THE 2ND
Allentown Hillbillies batting - Pitching for Blueville 83's : RHP Santiago González
Batting: LHB John Hudson 0-0: Ball
1-0: Ball
2-0: Ball
3-0: Called Strike
3-1: Foul Ball, location: 2F
3-2: Foul Ball, location: 2F
3-2: Foul Ball, location: 2F
3-2: Foul Ball, location: 2F
3-2: Base on Balls
Batting: LHB Marcos Vargas 0-0: Called Strike
0-1: TRIPLE (Flyball, 89D)
John Hudson scores
Batting: RHB António Yánez 0-0: Fly out, F9 (Flyball, 9)
Runner from 3rd tags up, SCORES, throw made
Batting: RHB Von Ford 0-0: Called Strike
0-1: Foul Ball, location: 2F
0-2: Foul Ball, location: 2F
0-2: Strikes out looking
Batting: RHB Wyatt McKinnon 0-0: Called Strike
0-1: Ground out 3-1 (Groundball, 34S)
Top of the 2nd over - 2 run(s), 1 hit(s), 0 error(s), 0 left on base; Allentown 2 - Blueville 1
BOTTOM OF THE 2ND
Blueville 83's batting - Pitching for Allentown Hillbillies : RHP Juan Martínez
Batting: LHB Ricardo Romero 0-0: Called Strike
0-1: Foul Ball, location: 2F
0-2: Ball
1-2: Foul Ball, location: 2F
1-2: Strikes out swinging
Batting: RHB Jimmy Simon 0-0: Fly out, F7 (Flyball, 78M)
Batting: LHB Ron Robinson 0-0: Foul Ball, location: 2F
0-1: Ball
1-1: Swinging Strike
1-2: Ball
2-2: Strikes out looking
Bottom of the 2nd over - 0 run(s), 0 hit(s), 0 error(s), 0 left on base; Allentown 2 - Blueville 1
TOP OF THE 3RD
Allentown Hillbillies batting - Pitching for Blueville 83's : RHP Santiago González
Batting: RHB Joel Jackson 0-0: Fly out, F7 (Line Drive, 7LS)
Batting: LHB António Salazar 0-0: Ball
1-0: Bunt for hit - play at first, batter OUT! 1-3
Batting: RHB Dan Banks 0-0: Called Strike
0-1: Ball
1-1: Foul Ball, location: 2F
1-2: Strikes out looking
Top of the 3rd over - 0 run(s), 0 hit(s), 0 error(s), 0 left on base; Allentown 2 - Blueville 1
BOTTOM OF THE 3RD
Blueville 83's batting - Pitching for Allentown Hillbillies : RHP Juan Martínez
Batting: LHB Vincente Sáenz 0-0: Ball
1-0: Ball
2-0: Called Strike
2-1: Foul Ball, location: 2F
2-2: Ball
3-2: Strikes out swinging
Batting: RHB Yoshihide Takahashi 0-0: Ball
1-0: Ball
2-0: Called Strike
2-1: Foul Ball, location: 2F
2-2: Foul Ball, location: 2F
2-2: Foul Ball, location: 2F
2-2: Ball
3-2: Strikes out looking
Batting: SHB Bob Noble 0-0: Ground out 3-1 (Groundball, 34)
Bottom of the 3rd over - 0 run(s), 0 hit(s), 0 error(s), 0 left on base; Allentown 2 - Blueville 1
TOP OF THE 4TH
Allentown Hillbillies batting - Pitching for Blueville 83's : RHP Santiago González
Batting: LHB Rafael Flores 0-0: Ball
1-0: Foul Ball, location: 2F
1-1: Foul Ball, location: 2F
1-2: Strikes out looking
Batting: LHB John Hudson 0-0: Ball
1-0: Fly out, F8 (Flyball, 89D)
Batting: LHB Marcos Vargas 0-0: DOUBLE (Groundball, 3L)
Batting: RHB António Yánez 0-0: Called Strike
0-1: Ball
1-1: Ball
2-1: Ball
3-1: Base on Balls
Batting: RHB Von Ford 0-0: SINGLE (Groundball, 6MD)
Marcos Vargas to third
António Yánez to second
Runner from 3rd tries for Home, SAFE, no throw
Batting: RHB Wyatt McKinnon 0-0: Foul Ball, location: 2F
0-1: Ball
1-1: Fly out, F8 (Flyball, 8LM)
Top of the 4th over - 1 run(s), 2 hit(s), 0 error(s), 2 left on base; Allentown 3 - Blueville 1
BOTTOM OF THE 4TH
Blueville 83's batting - Pitching for Allentown Hillbillies : RHP Juan Martínez
Batting: RHB Matt Perkins 0-0: Called Strike
0-1: Ground out 6-3 (Groundball, 6M)
Batting: LHB Roberto Trujillo 0-0: Called Strike
0-1: Ball
1-1: Swinging Strike
1-2: Ball
2-2: Foul Ball, location: 2F
2-2: Ground out 3-1 (Groundball, 34)
Batting: LHB António Glaviz 0-0: Called Strike
0-1: Swinging Strike
0-2: Foul Ball, location: 2F
0-2: Strikes out looking
Bottom of the 4th over - 0 run(s), 0 hit(s), 0 error(s), 0 left on base; Allentown 3 - Blueville 1
TOP OF THE 5TH
Allentown Hillbillies batting - Pitching for Blueville 83's : RHP Santiago González
Batting: RHB Joel Jackson 0-0: Ball
1-0: Called Strike
1-1: Fly out, F6 (Popup, 6MD)
Batting: LHB António Salazar 0-0: Swinging Strike
0-1: Called Strike
0-2: Foul Ball, location: 2F
0-2: Ball
1-2: Foul Ball, location: 2F
1-2: Foul Ball, location: 2F
1-2: Reached on error, E3 (Groundball, 3)
Batting: RHB Dan Banks 0-0: Called Strike
António Salazar is caught stealing 2nd base
0-1: Called Strike
0-2: Strikes out swinging
Top of the 5th over - 0 run(s), 0 hit(s), 1 error(s), 0 left on base; Allentown 3 - Blueville 1
BOTTOM OF THE 5TH
Blueville 83's batting - Pitching for Allentown Hillbillies : RHP Juan Martínez
Batting: LHB Ricardo Romero 0-0: Ground out 5-3 (Groundball, 56)
Batting: RHB Jimmy Simon 0-0: SINGLE (Line Drive, 9S)
Batting: LHB Ron Robinson 0-0: Called Strike
0-1: Ground out 6-3 (Groundball, 6M)
Jimmy Simon to second
Batting: LHB Vincente Sáenz 0-0: Ball
1-0: Called Strike
1-1: SINGLE (Groundball, 56D)
Jimmy Simon to third
Runner from 3rd tries for Home, SAFE, no throw
Batting: RHB Yoshihide Takahashi 0-0: Called Strike
0-1: Swinging Strike
0-2: Strikes out swinging
Bottom of the 5th over - 1 run(s), 2 hit(s), 0 error(s), 1 left on base; Allentown 3 - Blueville 2
TOP OF THE 6TH
Allentown Hillbillies batting - Pitching for Blueville 83's : RHP Santiago González
Batting: LHB Rafael Flores 0-0: Ball
1-0: Ball
2-0: Ball
3-0: Called Strike
3-1: SINGLE (Line Drive, 4MD)
Pitching: RHP Javier González
Batting: LHB John Hudson 0-0: Called Strike
0-1: Ball
1-1: Foul Ball, location: 2F
1-2: Ball
2-2: Strikes out swinging
Batting: LHB Marcos Vargas 0-0: Ball
1-0: Called Strike
1-1: Ball
2-1: Foul Ball, location: 2F
2-2: Ball
3-2: SINGLE (Groundball, 34) (infield hit)
Rafael Flores to second
Batting: RHB António Yánez 0-0: Ball
1-0: Called Strike
1-1: Foul Ball, location: 2F
1-2: Ball
2-2: Ball
3-2: Foul Ball, location: 2F
3-2: SINGLE (Groundball, 56D)
Rafael Flores to third
Marcos Vargas to second
Runner from 3rd tries for Home, SAFE, no throw
Batting: RHB Von Ford 0-0: Foul Ball, location: 2F
0-1: Swinging Strike
0-2: Foul Ball, location: 2F
0-2: Strikes out swinging
Batting: RHB Wyatt McKinnon 0-0: SINGLE (Groundball, 34S) (infield hit)
Marcos Vargas to third
António Yánez to second
Batting: RHB Joel Jackson 0-0: Ball
1-0: Foul Ball, location: 2F
1-1: Swinging Strike
1-2: Ground out 5-3 (Groundball, 56S)
Top of the 6th over - 1 run(s), 4 hit(s), 0 error(s), 3 left on base; Allentown 4 - Blueville 2
BOTTOM OF THE 6TH
Blueville 83's batting - Pitching for Allentown Hillbillies : RHP Juan Martínez
Batting: SHB Bob Noble 0-0: Ball
1-0: Ball
2-0: Ground out 1-3 (Groundball, 13)
Batting: RHB Matt Perkins 0-0: Ball
1-0: Foul Ball, location: 2F
1-1: Foul Ball, location: 2F
1-2: Foul Ball, location: 2F
1-2: Fly out, F7 (Flyball, 7)
Batting: LHB Roberto Trujillo 0-0: Called Strike
0-1: Hit by Pitch
Batting: LHB António Glaviz 0-0: Foul Ball, location: 2F
0-1: Ball
1-1: Foul Ball, location: 2F
1-2: Strikes out looking
Bottom of the 6th over - 0 run(s), 0 hit(s), 0 error(s), 1 left on base; Allentown 4 - Blueville 2
TOP OF THE 7TH
Allentown Hillbillies batting - Pitching for Blueville 83's : RHP Javier González
Batting: LHB António Salazar 0-0: Ground out U3 (Groundball, 3)
Batting: RHB Dan Banks 0-0: Ball
1-0: Ball
2-0: Ball
3-0: Base on Balls
Batting: LHB Rafael Flores 0-0: Ball
1-0: Ball
2-0: Ball
3-0: Base on Balls
Dan Banks to second
Batting: LHB John Hudson 0-0: Ball
1-0: Swinging Strike
1-1: Called Strike
1-2: Strikes out looking
Batting: LHB Marcos Vargas 0-0: Ball
1-0: Ball
2-0: Ball
Wild Pitch!
Dan Banks to third
Rafael Flores to second
3-0: Base on Balls
Pinch Hitting: RHB Donald Sanford 0-0: Swinging Strike
0-1: Ball
1-1: Fielders Choice at 2nd, 6-4 (Groundball, 6)
Top of the 7th over - 0 run(s), 0 hit(s), 0 error(s), 2 left on base; Allentown 4 - Blueville 2
BOTTOM OF THE 7TH
Blueville 83's batting - Pitching for Allentown Hillbillies : RHP Juan Martínez
Now at 3B: Donald Sanford
Batting: LHB Ricardo Romero 0-0: Ball
1-0: Fly out, F7 (Flyball, 78S)
Batting: RHB Jimmy Simon 0-0: Ball
1-0: Ball
2-0: Foul Ball, location: 2F
2-1: Foul Ball, location: 2F
2-2: Foul Ball, location: 2F
2-2: Ball
3-2: Foul Ball, location: 2F
3-2: Foul Ball, location: 2F
3-2: SINGLE (Groundball, 5L) (infield hit)
Batting: LHB Ron Robinson 0-0: Called Strike
0-1: Called Strike
0-2: Strikes out swinging
Batting: LHB Vincente Sáenz 0-0: Ball
Jimmy Simon steals 2nd base
1-0: Ball
2-0: Ball
3-0: Base on Balls
Batting: RHB Yoshihide Takahashi 0-0: Called Strike
0-1: Ball
1-1: Fly out, F9 (Flyball, 9S)
Bottom of the 7th over - 0 run(s), 1 hit(s), 0 error(s), 2 left on base; Allentown 4 - Blueville 2
TOP OF THE 8TH
Allentown Hillbillies batting - Pitching for Blueville 83's : RHP Javier González
Batting: RHB Von Ford 0-0: Ball
1-0: Ground out 6-3 (Groundball, 6)
Batting: RHB Wyatt McKinnon 0-0: Called Strike
0-1: Called Strike
0-2: Fly out, F6 (Popup, 6)
Batting: RHB Joel Jackson 0-0: Fly out, F8 (Flyball, 8LD)
Top of the 8th over - 0 run(s), 0 hit(s), 0 error(s), 0 left on base; Allentown 4 - Blueville 2
BOTTOM OF THE 8TH
Blueville 83's batting - Pitching for Allentown Hillbillies : RHP Juan Martínez
Pitching: LHP Alejandro Castillo
Batting: SHB Bob Noble 0-0: Foul Ball, location: 2F
0-1: TRIPLE (Flyball, 7LS)
Batting: RHB Matt Perkins 0-0: Foul Ball, location: 2F
0-1: Ball
1-1: Ground out 6-3 (Groundball, 6)
Bob Noble scores
Batting: LHB Roberto Trujillo 0-0: Foul Ball, location: 2F
0-1: Ball
1-1: Ball
2-1: Ball
3-1: Swinging Strike
3-2: Ground out 3-1 (Groundball, 34)
Batting: LHB António Glaviz 0-0: Ball
1-0: Called Strike
1-1: Ball
2-1: Foul Ball, location: 2F
2-2: Ball
3-2: SOLO HOME RUN (Flyball, 9D), Distance : 392 ft
Pitching: LHP Dan Rogers
Pinch Hitting: RHB Fernando Díaz 0-0: Ball
1-0: Called Strike
1-1: Called Strike
1-2: Foul Ball, location: 2F
1-2: Ball
2-2: Ground out 4-3 (Groundball, 4)
Bottom of the 8th over - 2 run(s), 2 hit(s), 0 error(s), 0 left on base; Allentown 4 - Blueville 4
TOP OF THE 9TH
Allentown Hillbillies batting - Pitching for Blueville 83's : RHP Javier González
Pitching: RHP Cody White
Now at 3B: Felipe Cruz
Batting: LHB António Salazar 0-0: Ball
1-0: Swinging Strike
1-1: Ball
2-1: Foul Ball, location: 2F
2-2: Strikes out swinging
Batting: RHB Dan Banks 0-0: Foul Ball, location: 2F
0-1: Ball
1-1: Fly out, F7 (Flyball, 7)
Batting: LHB Rafael Flores 0-0: Ball
1-0: Called Strike
1-1: Swinging Strike
1-2: Strikes out swinging
Top of the 9th over - 0 run(s), 0 hit(s), 0 error(s), 0 left on base; Allentown 4 - Blueville 4
BOTTOM OF THE 9TH
Blueville 83's batting - Pitching for Allentown Hillbillies : LHP Dan Rogers
Batting: RHB Jimmy Simon 0-0: Called Strike
0-1: SINGLE (Line Drive, 89M)
Batting: LHB Ron Robinson 0-0: Sac Bunt - play at first, batter OUT! 4-3
Jimmy Simon to second
Batting: LHB Vincente Sáenz 0-0: Ball
1-0: Ball
2-0: Foul Ball, location: 2F
2-1: Ball
3-1: Base on Balls
Batting: RHB Yoshihide Takahashi 0-0: Called Strike
0-1: Ball
1-1: Called Strike
1-2: Fly out, F4 (Popup, 34D)
Pinch Hitting: RHB Daryl Floyd 0-0: Foul Ball, location: 2F
0-1: Ball
1-1: Ball
2-1: Foul Ball, location: 2F
2-2: Ball
3-2: Foul Ball, location: 2F
3-2: Base on Balls
Jimmy Simon to third
Vincente Sáenz to second
Batting: RHB Matt Perkins 0-0: Ball
1-0: Ball
2-0: Foul Ball, location: 2F
2-1: Swinging Strike
2-2: Ball
3-2: Foul Ball, location: 2F
3-2: Base on Balls
Jimmy Simon scores
Vincente Sáenz to third
Daryl Floyd to second
Tuesday, August 8th, 2017 - OOTP Baseball 17.12 Build 75